← All builds
Suicide front / Armada / Factory first / OBSERVED BUILD

Standard suicide front

Armada Suicide front build order · Supreme Isthmus

The role's standard play: bot lab first, Rocketeer/Centurion/Pawn based force pushes into the middle to contest and hold it until T2 arrives.

Usually lab first (63%)

#rush #push · 1309 distinct matches · 127 players · 71% of Armada Suicide front games · team won 59% of 1550 · Recently observed

HOW TO PLAY IT

Key timing: Bot Lab by 0:20

  1. Open with mex and wind, drop Bot Lab immediately.
  2. Push out first "Centurion" as Pond's boost lands.
  3. Send "Rocketeer", "Centurion", "Pawn" mix to contest middle.
  4. Add Dragon's Teeth and Sentries to hold the line.
  5. Get Advanced Metal Extractor up as T2 nears.

Phase by phase

TYPICAL OF ITS 1309 GAMES
  1. 1
  2. 2
  3. 3
PLAY THE OPENING

Follow the example game's first 6:00 step by step: what to build now, what comes next, and where it goes. At 1× it keeps pace with your own game.

  1. 1

    Bot Lab first

    Order
    1. Bot LabBot Lab done ~0:20, middle half 0:20–0:33

    Some games also: mex (37%)

  2. 2

    Bot Lab to 5:00

    Economy
    • Metal Extractor5Mex
    • Wind Turbine4Wind
    Builders
    • Construction Bot3 Con bot
    • Lazarus2 Lazarus
    Army
    • Sentry4 Sentry
    • Rocketeer17 Rocketeer
    • Tick2 Tick
    • Centurion1 Centurion
    Other
    • Radar Tower1 Radar Tower

    Some games also: con turret (35%) · pawn (33%)

    By 5:00 in all: 5 mex · 4 wind

    The example game in this phase · 43 steps
    1. Mex
    2. Construction BotCon bot
    3. Wind ×3
    4. CenturionCenturion
    5. Mex
    6. SentrySentry
    7. Construction BotCon bot ×2
    8. Mex ×2
    9. LazarusLazarus
    10. Radar TowerRadar Tower
    11. SentrySentry
    12. LazarusLazarus
    13. Wind
    14. RocketeerRocketeer ×2
    15. Wind
    16. RocketeerRocketeer
    17. SentrySentry
    18. RocketeerRocketeer
    19. Wind
    20. SentrySentry
    21. RocketeerRocketeer
    22. Mex
    23. CenturionCenturion
    24. RocketeerRocketeer
    25. Wind
    26. RocketeerRocketeer ×2
    27. Wind
    28. RocketeerRocketeer
    29. SentrySentry
    30. RocketeerRocketeer
    31. SentrySentry
    32. RocketeerRocketeer
    33. Wind
    34. RocketeerRocketeer
    35. SentrySentry
    36. RocketeerRocketeer ×2
    37. Wind
    38. RocketeerRocketeer
    39. Construction BotCon bot
    40. Wind
    41. CenturionCenturion
    42. Wind
    43. Construction BotCon bot
  3. 3

    5:00 to 10:00

    Economy
    • Metal Extractor1Mex
    • Wind Turbine17Wind
    Builders
    • Construction Turret2 Con turret
    • Lazarus2 Lazarus
    • Construction Bot1 Con bot
    Army
    • Sentry1 Sentry
    • Rocketeer8 Rocketeer
    • Pawn1 Pawn

    Some games also: tick (47%) · Radar Tower (46%) · energy storage (46%) · centurion (45%) · Beamer (39%)

    By 10:00 in all: 6 mex · 23 wind · 1 energy storage · 3 con turret

    The example game in this phase · 105 steps
    1. CenturionCenturion
    2. Construction BotCon bot
    3. LazarusLazarus
    4. Wind
    5. LazarusLazarus
    6. RocketeerRocketeer ×2
    7. Wind
    8. RocketeerRocketeer ×4
    9. Wind
    10. RocketeerRocketeer ×4
    11. Wind
    12. RocketeerRocketeer ×3
    13. Converter
    14. RocketeerRocketeer
    15. Wind
    16. RocketeerRocketeer ×2
    17. Construction BotCon bot
    18. CenturionCenturion
    19. Wind
    20. RocketeerRocketeer
    21. Converter
    22. Construction BotCon bot ×2
    23. Wind
    24. LazarusLazarus ×2
    25. RocketeerRocketeer ×2
    26. Converter
    27. RocketeerRocketeer
    28. Wind
    29. RocketeerRocketeer ×4
    30. Wind
    31. RocketeerRocketeer ×2
    32. Converter
    33. RocketeerRocketeer ×2
    34. Wind
    35. RocketeerRocketeer ×2
    36. Converter
    37. RocketeerRocketeer
    38. Wind ×2
    39. RocketeerRocketeer
    40. Advanced Metal ExtractorT2 mexdone 11:03 · typical 9:36
    41. Construction BotCon bot
    42. Wind
    43. Converter
    44. CenturionCenturion
    45. Wind ×2
    46. Converter
    47. Wind ×3
    48. Construction BotCon bot
    49. Converter
    50. Wind ×2
    51. Advanced Metal ExtractorT2 mex
    52. Wind ×2
    53. Converter
    54. Construction BotCon bot
    55. Wind ×3
    56. Converter
    57. Wind
    58. Construction BotCon bot
    59. Advanced Metal ExtractorT2 mex
    60. Wind ×2
    61. Construction BotCon bot
    62. Radar TowerRadar Tower
    63. Wind
    64. LazarusLazarus
    65. Wind ×2
    66. Construction BotCon bot
    67. Converter
    68. LazarusLazarus
    69. Wind
    70. LazarusLazarus ×2
    71. Wind ×2
    72. LazarusLazarus ×2
    73. Wind
    74. Advanced Metal ExtractorT2 mex
    75. Converter
    76. PawnPawn
    77. Wind ×2
    78. PawnPawn
    79. Metal storage
    80. Wind ×3
    81. Converter
    82. Wind
    83. Con turret
    84. Advanced Metal ExtractorT2 mex
    85. Wind ×2
    86. Con turret
    87. Wind
    88. Converter
    89. Wind ×2
    90. Fortification WallFortification Wall
    91. Con turret
    92. Fortification WallFortification Wall ×2
    93. Wind
    94. Fortification WallFortification Wall
    95. Con turret
    96. Fortification WallFortification Wall ×3
    97. Wind
    98. Con turret
    99. Wind
    100. Vehicle PlantVehicle Plantdone 14:46
    101. Converter
    102. Vehicle PlantVehicle Plantdone 14:51
    103. Fortification WallFortification Wall
    104. Wind ×3
    105. Fortification WallFortification Wall

Counts are medians over the build's games: half of them build more, half fewer. The example game is PixelPeeker's (44 OS, 08/09/2026); pick another.

Team trades

IN AT LEAST 30% OF ITS GAMES

You hand over

Nothing regular.

You get

  • Tidal Generator4 Tidal from Pondfirst at 0:10 · in 69% of games
  • Advanced Construction Bot1 T2 con bot from Geo or Techfirst at 7:30 · in 59% of games

How it plays out

Typical game of this build, running totals by minute

Metal produced

010k20k30k
0:005:0010:0015:00

metal

Enemy metal destroyed

05k10k
0:005:0010:0015:00

metal

Own metal lost

05k10k
0:005:0010:0015:00

metal

1550 games.

Show as table
ByMetal produced: This buildEnemy metal destroyed: This buildOwn metal lost: This build
1:0022600
2:0088900
3:002051180106
4:003161660496
5:00424314171026
6:00543423001787
7:00667231752706
8:00792440303613
9:00931647974495
10:001069854325318
11:001225359116059
12:001410665186829
13:001622670297536
14:001809577098373
15:002043283489240
WHAT THE NUMBERS SAY

Standard suicide front play wins slightly more than half its games with fast kills but also fast losses, matching the raw grind of the role.

  • + First kill lands by 2:04 in all games
  • + Metal produced reaches 19882 by 15:00
  • − Own metal lost hits 9208 by 15:00, near metal destroyed of 8172
  • − First unit lost as early as 2:08 in every game
THE EXAMPLE YOU ARE READING

PixelPeeker

44.1 OS · 08/09/2026

Open source match ↗

6 received units · includes a constructor
54 metal received · 2919 energy received

Allied construction assistance is unknown. Timings are observations, not a promise of solo reproducibility.

Typical milestones

Bot Lab0:20Middle 50%: 0:20–0:33 · n=1543
Advanced Metal Extractor9:36Middle 50%: 8:42–10:48 · n=1143

Played most by

_X_253games of this buildPlatinumBlonde181games of this buildXad127games of this buildImmort74games of this buildwatermeloans60games of this build